 Dungeon Crawl Stone Soup version 0.28-a0-983-g1de4e0787c (webtiles) character file.

Game seed: 5353825338414537872

120 Glokmah the Chopper (level 4, -3/39 HPs)
             Began as a Palentonga Fighter on Dec 3, 2021.
             Was a High Priest of Ignis.
             Slain by an ogre (19 damage)
             ... on level 4 of the Dungeon.
             The game lasted 00:05:54 (2685 turns).

Glokmah the Chopper (Palentonga Fighter)            Turns: 2685, Time: 00:05:55

Health: -3/39      AC:  7    Str: 25    XL:     4   Next: 75%
Magic:  4/4        EV:  6    Int:  8    God:    Ignis [*****.]
Gold:   178        SH:  4    Dex: 12    Spells: 3/3 levels left

rFire   + . .      SeeInvis +   a - +0 war axe
rCold   . . .      Faith    .   c - +0 buckler
rNeg    . . .      Spirit   .   m - +0 chain mail
rPois   .          Reflect  .   (no helmet)
rElec   .          Harm     .   (no cloak)
rCorr   .          Rampage  .   (no gloves)
Will    +....                   (no barding)
Stlth   ..........              (no amulet)
HPRegen 0.13/turn               g - +6 ring of strength
MPRegen 0.09/turn               q - ring of willpower

@: no status effects
A: large, rugged brown scales 3, see invisible, deformed body, roll 1, armoured
tail
a: Rolling Charge, Renounce Religion, Fiery Armour, Foxfire Swarm, Rising Flame


You were on level 4 of the Dungeon.
You worshipped Ignis.
Ignis was extremely pleased with you.
You visited 1 branch of the dungeon, and saw 4 of its levels.

You collected 178 gold pieces.

Inventory:

Hand Weapons
 a - a +0 war axe (weapon)
Missiles
 f - 2 throwing nets
 n - 53 stones
Armour
 c - a +0 buckler (worn)
 m - a +0 chain mail (worn)
Jewellery
 b - a ring of positive energy
 g - a +6 ring of strength (left hand)
 k - a +6 ring of strength
 l - a ring of poison resistance
 p - a +6 ring of intelligence
 q - a ring of willpower (right hand)
Scrolls
 e - 3 scrolls of identify {unknown}
 h - a scroll of immolation {unknown}
 i - a scroll of enchant weapon {unknown}
 j - a scroll of teleportation {unknown}
Potions
 d - a potion of might
 o - a potion of heal wounds {unknown}
 r - a potion of ambrosia {unknown}
 s - a potion of lignification {unknown}


   Skills:
 + Level 3.7 Fighting
 * Level 3.8 Axes
 - Level 2.4 Armour
 + Level 3.1 Shields


You had 3 spell levels left.
You didn't know any spells.
Your spell library contained the following spells:

 Spells                   Type           Power      Damage    Failure   Level
 Conjure Flame            Conj/Fire      0%         6-21      100%        3
 Ignite Poison            Fire/Tmut/Pois 0%         N/A       100%        3
 Sticky Flame             Conj/Fire      0%         2d3       100%        4


Dungeon Overview and Level Annotations

Branches:
Dungeon (4/15)
 Temple: D:4-7

Altars:
Ashenzari
Uskayaw
Ignis


Innate Abilities, Weirdness & Mutations

You are completely covered in rugged brown scales. (AC +3, +7% HP)
You have supernaturally acute eyesight. (SInv)
Armour fits poorly on your strangely shaped body.
You can roll at nearby foes to attack.
You have a long armoured tail.


Message History

You kill the quokka!
You see here a quokka corpse.
HP restored.
Found a leather armour.
Found a stone staircase leading up.
An ogre comes into view. It is wielding a +0 giant club.
The ogre shouts!
You hear a shout!
Throw: 55 stones
Press: ? - help, Q - select action, (/) - cycle Shift-Dir - straight line, f - ogre
Aim: an ogre, wielding a +0 giant club (72% to hit)
You throw a stone. The stone hits the ogre.
The ogre is lightly wounded.
Unknown command.
Throw: 54 stones
Press: ? - help, Q - select action, (/) - cycle Shift-Dir - straight line, f/p - ogre
Aim: an ogre, wielding a +0 giant club (lightly wounded, 73% to hit)
You throw a stone. The stone hits the ogre.
The ogre is lightly wounded.
Roll where?
Press: ? - help, Q - select action, (/) - cycle Dir - move target, f/p - ogre
Aim: an ogre, wielding a +0 giant club (lightly wounded)
You roll forward with a clatter of scales!
A hobgoblin comes into view.
Found a scroll labelled ZIAGOO LUVUD.
You closely miss the ogre.
The ogre is lightly wounded.
The ogre hits you with a +0 giant club!!
Ouch! That really hurt!
You slash the ogre!
The ogre is moderately wounded.
A goblin comes into view. It is wielding a +0 club.
The ogre barely misses you.
A hound comes into view.
The goblin moves out of view.
You barely miss the ogre.
The hound barks!
You tail-slap the ogre.
The ogre is heavily wounded.
You hear a shout!
The ogre hits you with a +0 giant club!!
You die...

##### ##...###########
##.....##.......######
#.......#....##.#.†...
#.$....°...#..#.#.####
#.....°.#.###.#.#.####
##...@.##..#.[.......#
##.O.###....##.#.##.#
#.(..?.....<...#... .
.hg#.###.#.......#....
..##.#.
#.#.......#.... . # #.
..#.......#.... ##
..........#....
#.......# #.#


You could see an ogre, a hound and a hobgoblin.

Vanquished Creatures
  A gnoll (D:1)
  4 adders
  3 worms
  2 dart slugs
  An orc (D:3)
  7 ball pythons
  6 bats
  3 endoplasms
  5 giant cockroaches
  2 goblins
  6 hobgoblins
  4 jackals (D:3)
  2 quokkas
  A frilled lizard (D:1)
  5 kobolds
  7 rats
59 creatures vanquished.

Notes
Turn   | Place    | Note
-------+----------+-------------------------------------------
     0 | D:1      | Glokmah the Palentonga Fighter began the quest for the Orb.
     0 | D:1      | Reached XP level 1. HP: 19/19 MP: 1/1
    32 | D:1      | Reached XP level 2. HP: 25/25 MP: 2/2
   139 | D:1      | Found a faded altar of an unknown god.
   151 | D:1      | Prayed at the altar of an unknown god.
   151 | D:1      | Became a worshipper of Ignis, the Dying Flame
   415 | D:1      | Reached XP level 3. HP: 31/31 MP: 3/3
  1382 | D:2      | Reached XP level 4. HP: 37/37 MP: 4/4
  1910 | D:3      | Noticed a +0 falchion
  1910 | D:3      | Noticed a +0 falchion
  1911 | D:3      | Noticed a +0 spear
  1911 | D:3      | Noticed a +0 spear
  1912 | D:3      | Noticed a +0 short sword
  1912 | D:3      | Noticed a +0 dagger
  1912 | D:3      | Noticed a +0 dagger
  1914 | D:3      | Noticed a +0 short sword
  1988 | D:3      | Found a broken altar of Ashenzari.
  2570 | D:3      | Found a hide-covered altar of Uskayaw.
  2680 | D:4      | Noticed an ogre
  2685 | D:4      | Slain by an ogre

Illustrated notes

Levels and vault maps discovered:
D:1:      dpeg_arrival_stone_temple_mockup, layout_basic,
          basic_ecumenical_altar, minmay_misc_feat_five,
          nicolae_concentric_dashed_squares_mild, minmay_tromino_i2
D:2:      layout_basic
D:3:      layout_basic, nicolae_overflow_crystal_walls,
          nicolae_uskayaw_en_pointe
D:4:      layout_loops_cross, marbit_many_paths

Skill      XL: |  1  2  3  4 |
---------------+-------------+-----
Axes           | 3 |  3.8
Shields        | 3 |  3.1
Fighting       | |  3.7
Armour         | |  2.4

Action                   |  1- 3 |  4- 6 || total
-------------------------+-------+-------++-------
Melee: War axe           |    88 |    54 ||   142
       Tailslap          |    11 |     9 ||    20
Throw: Stone             |       |     2 ||     2
 Abil: Rolling Charge    |    24 |    18 ||    42
Armor: Scale mail        |    17 |       ||    17
       Chain mail        |    22 |    19 ||    41
Dodge: Dodged            |    29 |    11 ||    40
Block: Buckler           |    11 |     5 ||    16

Table legend: (Time is in decaauts)
 A = Elapsed time spent in this place.
 B = Non-inter-level travel time spent in this place.
 C = Inter-level travel time spent in this place.
 D = Time resting spent in this place.
 E = Time spent auto-exploring this place.
 F = Levels seen in this place.
 G = Mean time per level.
                   A        B        C        D        E       F      G
               +--------+--------+--------+--------+--------+-----+--------+
         Total |   2730 |   2474 |    256 |      0 |   1994 |   4 |  682.5 |
       Dungeon |   2730 |   2474 |    256 |      0 |   1994 |   4 |  682.5 |
               +--------+--------+--------+--------+--------+-----+--------+

Top non-repeatable levels by time:
     D:1: 1030 daAuts
     D:2: 884 daAuts
     D:3: 781 daAuts
     D:4: 32 daAuts
